 Dungeon Crawl Stone Soup version 0.19.0 (webtiles) character file.

835 Eucla the Skirmisher (level 7, -1/58 HPs)
             Began as a Demonspawn Monk on Nov 19, 2016.
             Slain by an adder (3 damage)
             ... on level 6 of the Dungeon.
             The game lasted 00:07:57 (5490 turns).

Eucla the Skirmisher (Demonspawn Monk)              Turns: 5490, Time: 00:07:58

Health: -1/58      AC:  8    Str: 11 (12) XL:     7   Next: 66%
Magic:  7/7        EV:  6    Int:  9 (11) God:
Gold:   279        SH:  5    Dex: 19 (21) Spells: 0 memorised, 6 levels left

rFire  . . .     SeeInvis .     a - +1 falchion
rCold  . . .     Gourm    .     p - +0 chain mail
rNeg   . . .     Faith    .     (no shield)
rPois  .         Spirit   .     (helmet restricted)
rElec  .         Reflect  +     (no cloak)
rCorr  .         Harm     .     (no gloves)
MR     .....                    (no boots)
Stlth  ..........               s - +5 amulet of reflection
                                (no ring)
                                x - +2 ring of dexterity

@: lethally poisoned (-1 -> -2)
A: antennae 1, claws 2, talons 2, agile 1, high mp 1, powered by pain 1
a: no special abilities


You were on level 6 of the Dungeon.
You were not hungry.

You visited 1 branch of the dungeon, and saw 6 of its levels.

You collected 279 gold pieces.

Inventory:

Hand Weapons
 a - a +1 falchion (weapon)
Armour
 p - a +0 chain mail (worn)
 r - a +0 ring mail
Jewellery
 c - an uncursed ring of fire
 s - a +5 amulet of reflection (around neck)
 x - a +2 ring of dexterity (left claw)
Wands
 b - a wand of paralysis (12/24)
 o - a wand of digging (10/24)
Scrolls
 e - 5 scrolls of remove curse
 f - a scroll of magic mapping
 i - a scroll of amnesia
 j - a scroll of recharging
 t - a scroll of identify
 u - a scroll of enchant armour
Potions
 n - 2 potions of degeneration
 q - a potion of haste
Comestibles
 l - 4 meat rations
 m - a bread ration
 v - a chunk of flesh


   Skills:
 + Level 6.0 Fighting
 + Level 5.3 Long Blades
 + Level 5.1 Dodging
 - Level 1.7 Stealth


You had 6 spell levels left.
You didn't know any spells.

Dungeon Overview and Level Annotations

Branches:
Dungeon (6/15)
 Temple: D:4-7

Altars:
Gozag


Innate Abilities, Weirdness & Mutations

You have a pair of small antennae on your head.
You have very sharp fingernails.
You have razor-sharp toenails.
You sometimes gain a little power by taking damage.
You are agile. (Dex +2)
You have an increased reservoir of magic. (+10% MP)


Message History

As you read the scroll labeled SOCVASHRA KEUZA, it crumbles to dust.
You hear a loud clanging noise!
It was a scroll of noise.
The adder bites you.
* * * LOW HITPOINT WARNING * * *
You are poisoned.
The adder poisons you! You block the crimson imp's attack.
The orc wizard casts a spell.
The orc wizard blinks!
You block the adder's attack.
Okay, then.
Unknown command.
You slash the adder!
The adder is severely wounded.
* * * LOW HITPOINT WARNING * * *
You feel sick. The crimson imp barely misses you. You block the adder's attack.
You are too injured to fight recklessly!
Unknown command.
You hit the adder but do no damage.
The adder is severely wounded.
The crimson imp blinks!
The adder bites you.
You die...

.. ≈≈ ### #≈# ... #≈#
.[.§§###≈#
######.####
#..≈§§≈≈###o§@Sc.o...
#.###5....o###..####
#.....#.##.{...##
#..§§#....#####
######(.§)#..###...
.........o.o....<..
######...<)........
#..#.)).#######
######.##..o)##


You could see a centaur, an orc wizard, a crimson imp, an adder and 2 orcs.

Vanquished Creatures
  Grinder (D:4)
  An ogre (D:5)
  2 bullfrogs (D:6)
  A wyvern skeleton (D:6)
  A crimson imp (D:5)
  3 hounds (D:5)
  An orc priest (D:6)
  A centaur skeleton (D:5)
  A worker ant (D:5)
  A hound skeleton (D:6)
  A worker ant zombie (D:5)
  4 adders
  2 oozes
  An adder skeleton (D:4)
  4 worms (D:2)
  4 dart slugs
  4 leopard geckos
  13 orcs
  3 ball pythons
  3 giant cockroaches
  3 goblins (D:1)
  4 hobgoblins
  7 jackals
  4 quokkas
  9 bats
  7 frilled lizards
  2 jackal skeletons (D:5)
  8 kobolds
  A leopard gecko skeleton (D:5)
  A leopard gecko zombie (D:5)
  A quokka skeleton (D:5)
  4 rats
103 creatures vanquished.

Notes
Turn   | Place    | Note
-------+----------+-------------------------------------------
     0 | D:1      | Eucla the Demonspawn Monk began the quest for the Orb.
     0 | D:1      | Reached XP level 1. HP: 18/18 MP: 1/1
    59 | D:1      | Gained mutation: You have sharp fingernails. [demonic ancestry]
    59 | D:1      | Reached XP level 2. HP: 7/24 MP: 2/2
   835 | D:2      | Gained mutation: You have sharp toenails. [demonic ancestry]
   835 | D:2      | Reached XP level 3. HP: 6/29 MP: 3/3
  1725 | D:2      | Reached skill level 4 in Fighting
  1725 | D:2      | Gained mutation: You sometimes gain a little power by taking damage. [demonic ancestry]
  1725 | D:2      | Reached XP level 4. HP: 23/37 MP: 4/4
  2380 | D:4      | Noticed Grinder
  2385 | D:4      | Gained mutation: You have an increased reservoir of magic. (+10% MP) [potion of mutation]
  2385 | D:4      | Gained mutation: You are agile. (Dex +2) [potion of mutation]
  2404 | D:4      | Paralysed by Grinder for 6 turns
  2414 | D:4      | Killed Grinder
  2414 | D:4      | Gained mutation: You have a pair of small antennae on your head. [demonic ancestry]
  2414 | D:4      | Reached XP level 5. HP: 5/43 MP: 5/5
  2414 | D:4      | Gained mutation: You have very sharp fingernails. [demonic ancestry]
  2414 | D:4      | Reached XP level 6. HP: 5/50 MP: 6/6
  3284 | D:5      | Entered Level 5 of the Dungeon
  3291 | D:5      | Reached skill level 5 in Fighting
  3574 | D:5      | Found an opulent altar of Gozag.
  3837 | D:5      | HP: 1/51 [ogre/giant club (26)]
  3873 | D:5      | Gained mutation: You have razor-sharp toenails. [demonic ancestry]
  3873 | D:5      | Reached XP level 7. HP: 7/56 MP: 7/7
  5089 | D:6      | Reached skill level 5 in Long Blades
  5416 | D:6      | Reached skill level 5 in Dodging
  5476 | D:6      | Reached skill level 6 in Fighting
  5488 | D:6      | HP: 2/58 [adder (3)]
  5490 | D:6      | Slain by an adder

Skill      XL: |  1  2  3  4  5  6  7 |
---------------+----------------------+-----
Long Blades    | 3 4 5 |  5.3
Dodging        | 3 4 5 |  5.1
Fighting       | 4 5 6 |  6.0
Stealth        | |  1.7

Action                   |  1- 3 |  4- 6 |  7- 9 || total
-------------------------+-------+-------+-------++-------
Melee: Falchion          |   153 |   151 |   126 ||   430
       Kick              |    27 |    55 |    42 ||   124
Evoke: Wand              |       |     1 |       ||     1
  Use: Potion            |       |     5 |     4 ||     9
       Scroll            |       |    13 |     2 ||    15
 Stab: Sleeping          |     5 |     3 |       ||     8
       Paralysed         |       |     8 |       ||     8
  Eat: Bread ration      |     1 |     1 |       ||     2
       Beef jerky        |       |     1 |       ||     1
       Chunk             |       |       |     5 ||     5
Armor: Robe              |    31 |       |       ||    31
       Ring mail         |     7 |    23 |       ||    30
       Chain mail        |       |    19 |    75 ||    94
       Skin              |       |       |    53 ||    53
Dodge: Dodged            |   141 |    74 |    52 ||   267
Block: Other             |       |    10 |    50 ||    60
       Rpst.: Falchion   |    45 |    24 |    18 ||    87
